 Dungeon Crawl Stone Soup version 0.31-a0-176-g91f28db67f (webtiles) character file.

Game seed: 4310583987907148843

175 MacCMillion the Cudgeller (level 5, -1/44 HPs)
             Began as an Armataur Fighter on June 18, 2023.
             Slain by a black bear (5 damage)
             ... on level 4 of the Dungeon.
             The game lasted 00:07:21 (4199 turns).

MacCMillion the Cudgeller (Armataur Fighter)        Turns: 4199, Time: 00:07:22

Health: -1/44      AC: 13    Str: 23    XL:     5   Next: 29%
Magic:  5/5        EV:  4    Int:  9    God:
Gold:   16         SH:  4    Dex:  9    Spells: 4/4 levels left

rFire   + . .        a - +0 flail
rCold   + + .        c - +0 buckler
rNeg    . . .        f - +0 chain mail
rPois   .            (no helmet)
rElec   .            m - scarf {rC+ rF+}
rCorr   .            (no gloves)
SInv    .            j - +0 barding
Will    +....        (no amulet)
Stlth   x              - ring of protection from cold
HPRegen 0.27/turn    y - ring of willpower
MPRegen 0.09/turn

%: roll
@: no status effects
A: large, rugged brown scales 3, deformed body, armoured tail, roll, long
tongue, awkward tongue
a: no special abilities


You were on level 4 of the Dungeon.
You visited 1 branch of the dungeon, and saw 4 of its levels.

You collected 166 gold pieces.
You spent 150 gold pieces at shops.

Inventory:

Hand Weapons
 a - a +0 flail (weapon)
Missiles
 w - 3 silver javelins
Armour
 c - a +0 buckler (worn)
 f - a +0 chain mail (worn)
 j - a +0 barding (worn)
 m - a scarf of resistance (worn)
Jewellery
 e - a +6 ring of intelligence
 x - a ring of protection from cold (left hand)
 y - a ring of willpower (right hand)
Wands
 b - a wand of iceblast (8)
Scrolls
 g - 2 scrolls of vulnerability {unknown}
 k - 3 scrolls of teleportation {unknown}
 l - 3 scrolls of poison {unknown}
 n - 2 scrolls of enchant armour {unknown}
 r - a scroll of fog
 t - a scroll of immolation
 u - a scroll of revelation
 v - a scroll of blinking {unknown}
 z - a scroll of identify
 A - a scroll of noise {unknown}
Potions
 d - a potion of might
 h - 2 potions of lignification
 i - a potion of brilliance
 o - 4 potions of curing
 p - a potion of heal wounds
 q - 2 potions of magic
 s - a potion of mutation


   Skills:
 - Level 2.6 Fighting
 + Level 4.7 Maces & Flails
 - Level 3.7 Armour
 - Level 4.0 Shields


You had 4 spell levels left.
You didn't know any spells.
Your spell library contained the following spells:

 Spells                   Type           Power      Damage    Failure   Level
 Sandblast                Erth           0%         2d4       96%         1
 Passwall                 Tmut/Erth      0%         N/A       99%         2
 Frozen Ramparts          Ice            0%         1d1       100%        3
 Stone Arrow              Conj/Erth      0%         3d7       100%        3
 Ice Form                 Ice/Tmut       0%         N/A       100%        4
 Summon Ice Beast         Ice/Summ       0%         N/A       100%        4


Dungeon Overview and Level Annotations

Branches:
Dungeon (4/15)
 Temple: D:4-7

Altars:
Cheibriados
Okawaru
Sif Muna
Zin
The Shining One

Shops:
D:3 :[*   D:4 **

Annotations:
D:4 1 runed translucent door, Crazy Yiuf


Innate Abilities, Weirdness & Mutations

You are completely covered in rugged brown scales. (AC +3, +7% HP)
Armour fits poorly on your strangely shaped body.
You have a long armoured tail.
You roll when moving toward enemies. (Rampage)
Your long tongue fully drains potion bottles. (2x potion effects)
Your tongue gives you trouble enunciating. (1.5x scroll delay)


Message History

You sock the black bear!
The black bear is severely wounded.
The black bear bites you but does no damage.
The black bear claws you. x2
You hit the black bear.
The black bear is severely wounded.
The black bear goes berserk!
You hit the black bear but do no damage.
The black bear is severely wounded.
The black bear bites you.
The black bear claws you but does no damage. x2
The black bear bites you.
The black bear claws you but does no damage. x2
You barely miss the black bear. You tail-slap the black bear.
The black bear is severely wounded.
The black bear bites you but does no damage.
The black bear claws you. x2; The black bear bites you.
The black bear claws you. The black bear barely misses you.
You hit the black bear.
The black bear is almost dead.
The black bear bites you but does no damage.
You block the black bear's attack.
The black bear claws you but does no damage.
You block the black bear's attack.
The black bear claws you but does no damage.
The black bear claws you.
You hit the black bear.
The black bear is almost dead.
The black bear bites you!
* * * LOW HITPOINT WARNING * * *
You block the black bear's attack. The black bear barely misses you.
The black bear bites you but does no damage.
The black bear claws you.
* * * LOW HITPOINT WARNING * * *
You block the black bear's attack.
You barely miss the black bear.
The black bear is almost dead.
The black bear bites you but does no damage.
The black bear claws you.
You die...

###############
.##...........#
.##.###.......#
.##.###.......#########
......†.......#<......#
..#.###.......#.......#
...............h@..##.#
∩..####.......#..#.##.# ...#
#########..#..#.# ..##
#.......# ### #######
##.##.#.# #.....# #......#
### #.....#
#################### ..#
#.....# #...................
#.#
#.....####...#...#...#...#..


You could see a black bear (berserk).

Vanquished Creatures
  8 adders
  2 gnolls
  An ufetubus (D:4)
  6 orcs
  7 endoplasms
  5 giant cockroaches
  6 goblins
  A hobgoblin (D:1)
  4 jackals (D:2)
  6 kobolds
  A quokka (D:2)
  8 ball pythons
  9 bats
  A frilled lizard (D:3)
  8 rats
73 creatures vanquished.

Notes
Turn   | Place    | Note
-------+----------+-------------------------------------------
     0 | D:1      | MacCMillion the Armataur Fighter began the quest for the
                  | Orb.
     0 | D:1      | Reached XP level 1. HP: 19/19 MP: 1/1
   192 | D:1      | Reached XP level 2. HP: 26/26 MP: 2/2
   406 | D:1      | Reached XP level 3. HP: 23/32 MP: 3/3
  1845 | D:3      | Found Nifiseab's Assorted Antiques.
  1854 | D:3      | Reached XP level 4. HP: 39/39 MP: 4/4
  1859 | D:3      | Bought a scroll labelled KUEPHY QUNU for 20 gold pieces
  1859 | D:3      | Bought a scroll labelled CUYSYWKUAL for 20 gold pieces
  1859 | D:3      | Bought a scroll labelled RUPLAS UTOIZI for 20 gold pieces
  1859 | D:3      | Bought a scroll labelled QAEXIGG QOOMM for 20 gold pieces
  1878 | D:3      | Found a faded altar of an unknown god.
  1972 | D:3      | Bought a scroll labelled TUMAMI QEEZ for 20 gold pieces
  1985 | D:3      | Found a snail-covered altar of Cheibriados.
  2026 | D:3      | Found Tihomal's Book Shop.
  2109 | D:3      | Found Aliuras's Armour Emporium.
  3343 | D:4      | Reached XP level 5. HP: 26/44 MP: 5/5
  3427 | D:4      | Found a runed translucent door.
  3428 | D:4      | Noticed Crazy Yiuf
  3448 | D:4      | Found Zienekuf's Assorted Antiques.
  3453 | D:4      | Bought a scroll labelled RUPLAS UTOIZI for 25 gold pieces
  3453 | D:4      | Bought a scroll labelled RUPLAS UTOIZI for 25 gold pieces
  3509 | D:4      | Found an iron altar of Okawaru.
  3637 | D:4      | Found a shimmering blue altar of Sif Muna.
  3714 | D:4      | Found a glowing silver altar of Zin.
  3715 | D:4      | Found a glowing golden altar of the Shining One.
  3721 | D:4      | Found Asell's Alliterative Accessories.
  4190 | D:4      | Noticed a black bear
  4199 | D:4      | Slain by a black bear

Illustrated notes

Levels and vault maps discovered:
D:1:      lightli_iron_boxes, layout_basic
D:2:      layout_rooms, minivault_14, minivault_4, minmay_strange_pillars,
          minmay_pentomino_v2
D:3:      layout_rooms, cheibriados_altar_1,
          hellmonk_ecumenical_altar_pennies_from_heaven, serial_shops,
          nicolae_shop_pleasant_corner_grove, nicolae_book_shop_shelving, shop,
          minmay_misc_feat_more_columns, minmay_stone_trees_small,
          kennysheep_small_spiral, minmay_pentangle
D:4:      layout_loops_cross, lemuel_coloured_pillars_altar,
          kennysheep_mini_moat, kennysheep_little_box,
          mainiacjoe_overflow_alcove_2, mainiacjoe_overflow_divided_tiny,
          serial_shops, shop, nicolae_alphabet_shops, uniq_crazy_yiuf_cottage

Skill      XL: |  1  2  3  4 |
---------------+-------------+-----
Maces & Flails | 2 3 4 |  4.7
Shields        | 4 |  4.0
Fighting       | |  2.6
Armour         | |  3.7

Action                     |  1- 3 |  4- 6 || total
---------------------------+-------+-------++-------
  Melee: Flail             |   132 |   144 ||   276
         Tailslap          |    12 |     8 ||    20
    Use: Scroll            |       |     9 ||     9
 Armour: Scale mail        |   104 |    56 ||   160
         Chain mail        |       |    56 ||    56
  Dodge: Dodged            |    54 |    35 ||    89
  Block: Buckler           |    28 |    33 ||    61

Table legend: (Time is in decaauts)
 A = Elapsed time spent in this place.
 B = Non-inter-level travel time spent in this place.
 C = Inter-level travel time spent in this place.
 D = Time resting spent in this place.
 E = Time spent auto-exploring this place.
 F = Levels seen in this place.
 G = Mean time per level.
                   A        B        C        D        E       F      G
               +--------+--------+--------+--------+--------+-----+--------+
         Total |   4276 |   4188 |     88 |   1527 |   1941 |   4 | 1069.0 |
       Dungeon |   4276 |   4188 |     88 |   1527 |   1941 |   4 | 1069.0 |
               +--------+--------+--------+--------+--------+-----+--------+

Top non-repeatable levels by time:
     D:2: 1463 daAuts
     D:3: 1114 daAuts
     D:4: 1056 daAuts
     D:1: 641 daAuts
